 Dungeon Crawl Stone Soup version 0.30.1-4-g462c640d31 (webtiles) character file.

Game seed: 13173541820527863048

7775 Graphine the Slicer (level 11, -4/84 HPs)
             Began as a Human Necromancer on Sept 9, 2023.
             Was a Believer of Kikubaaqudgha.
             Slain by a troll (10 damage)
             ... on level 11 of the Dungeon.
             The game lasted 00:40:34 (11993 turns).

Graphine the Slicer (Human Necromancer)            Turns: 11993, Time: 00:40:35

Health: -4/84      AC: 14    Str: 12    XL:     11   Next: 43%
Magic:  17/17      EV: 14    Int: 17    God:    Kikubaaqudgha [**....]
Gold:   296        SH:  0    Dex: 13    Spells: 5/18 levels left

rFire   . . .        u - +3 dagger (pain)
rCold   . . .        (no shield)
rNeg    + . .        L - +1 acid dragon scales
rPois   +            r - +2 helmet
rElec   .            (no cloak)
rCorr   +            e - +0 pair of gloves
SInv    .            v - +0 pair of boots
Will    .....        (no amulet)
Stlth   ++           l - ring of positive energy
HPRegen 0.34/turn    g - ring of poison resistance
MPRegen 0.15/turn

%: no passive effects
@: no status effects
A: no striking features
a: Renounce Religion, Unearth Wretches


You were on level 11 of the Dungeon.
You worshipped Kikubaaqudgha.
Kikubaaqudgha was pleased with you.
You visited 1 branch of the dungeon, and saw 11 of its levels.

You collected 296 gold pieces.

Inventory:

Hand Weapons
 c - a +1 dagger of speed
 d - a +3 flail of protection
 f - a +0 club
 u - a +3 dagger of pain (weapon)
 I - a +2 long sword of holy wrath
Missiles
 n - a throwing net
Armour
 e - a +0 pair of gloves (worn)
 r - a +2 helmet (worn)
 s - a +2 leather armour of cold resistance
 v - a +0 pair of boots (worn)
 L - +1 acid dragon scales (worn)
Magical Staves
 q - a staff of conjuration
Jewellery
 g - a ring of poison resistance (right hand)
 l - a ring of positive energy (left hand)
 o - a ring of flight
 y - a ring of protection from cold
 D - a ring of fire
 N - a ring of protection from cold
Wands
 A - a wand of polymorph (4)
 F - a wand of roots (2)
 K - a wand of light (1)
Scrolls
 a - a scroll of fog
 h - 2 scrolls of torment
 i - 5 scrolls of amnesia
 p - 3 scrolls of vulnerability
 B - a scroll of immolation
 E - a scroll of brand weapon {unknown}
 J - a scroll of poison
 M - 2 scrolls of identify
Potions
 b - 2 potions of magic
 j - 3 potions of lignification
 k - 6 potions of attraction
 t - 3 potions of degeneration
 z - a potion of mutation
 C - a potion of brilliance
 G - a potion of cancellation


   Skills:
 - Level 7.0 Fighting
 - Level 8.0 Short Blades
 - Level 5.0 Maces & Flails
 - Level 7.0 Armour
 - Level 7.0 Dodging
 - Level 2.0 Stealth
 + Level 4.2 Spellcasting
 * Level 7.2 Necromancy


You had 5 spell levels left.
You knew the following spells:

 Your Spells              Type           Power      Damage    Failure   Level
a - Necrotise             Necr           100%       1d9       1%          1
b - Vampiric Draining     Necr           28%        2d8       3%          3
c - Animate Dead          Necr           28%        N/A       11%         4
d - Agony                 Necr           28%        N/A       30%         5

Your spell library contained the following spells:

 Spells                   Type           Power      Damage    Failure   Level
 Sublimation of Blood     Necr           28%        N/A       1%          2
 Kiss of Death            Conj/Necr      60%        2d10      4%          1
 Freeze                   Ice            12%        1d3       22%         1
 Lesser Beckoning         Tloc           6%         N/A       32%         2
 Frozen Ramparts          Ice            6%         1d1       54%         3
 Gell's Gravitas          Tloc           3%         N/A       54%         3
 Hailstorm                Conj/Ice       3%         3d3       54%         3
 Teleport Other           Tloc           3%         N/A       54%         3
 Vhi's Electric Charge    Tloc/Air       6%         N/A       54%         3
 Ice Form                 Ice/Tmut       3%         N/A       91%         4
 Summon Ice Beast         Ice/Summ       3%         N/A       91%         4
 Arcjolt                  Conj/Air       1%         1d11      99%         5
 Dispersal                Tloc           1%         N/A       100%        6
 Maxwell's Capacitive Co  Air            1%         ∞         100%        8


Dungeon Overview and Level Annotations

Branches:
Dungeon (12/15)            Temple (0/1) D:6
   Lair: D:8-11         Orc: D:9-12

Altars:
Cheibriados
Dithmenos
Elyvilon
Gozag
Hepliaklqana
Kikubaaqudgha
Qazlal
Sif Muna
Trog
Vehumet
Xom
The Shining One

Shops:
D:2 (   D:4 !   D:8 [*


Message History

The troll is heavily wounded.
Your centaur zombie hits the troll but does no damage.
Your centaur zombie completely misses the troll.
The troll closely misses you. The troll completely misses you.
The troll claws you but does no damage.
You barely miss the troll.
The troll is heavily wounded.
Your centaur zombie barely misses the troll. x2
You hit the troll but do no damage.
The troll writhes in agony.
The troll is severely wounded.
The troll bites you but does no damage. The troll claws you but does no damage.
The troll barely misses you.
Your centaur zombie hits the troll.
Your centaur zombie kicks the troll but does no damage.
You completely miss the troll.
The troll is almost dead.
You hit the troll.
The troll is almost dead.
Your centaur zombie closely misses the troll.
Your centaur zombie kicks the troll but does no damage.
The troll bites you!
* * * LOW HITPOINT WARNING * * *
The troll claws you!
* * * LOW HITPOINT WARNING * * *
The troll claws you but does no damage.
Okay, then.
You feel better.
Your centaur zombie barely misses the troll.
Your centaur zombie kicks the troll but does no damage.
The troll misses you. The troll claws you.
* * * LOW HITPOINT WARNING * * *
The troll barely misses you.
Your centaur zombie misses the troll.
Your centaur zombie barely misses the troll.
The troll bites your centaur zombie. The troll claws your centaur zombie!
Your centaur zombie is destroyed!
Okay, then.
As you read the scroll labelled HUAKEO RIULYNORUH, it crumbles to dust.
Wisps of shadow whirl around you...
It was a scroll of summoning.
The troll bites you!
You die...
Kikubaaqudgha rasps: "You have failed me!
Welcome... death!"

...##....Z.......#,**,,,,*
##.##.###.######.#.#*,,*,*
#.#..########.#,#.##,,*,**
##..............,..Y,,,,,,*
...........>...#.#.#*,.*<**
......#.###.#..#$..##..*,*
####..#.#...#....YY....*,*
**##..#........##o#.#..#,*
..#............o@Y...##*,*
...............T$Y..o.#*,*
.....##...$.......#.###*,*
##..............YY#,..,,,*
...#.##..##..#....#**##***
.............#....#
####...#.##..#....#*
,,,................#
,,,..........##.#..#


You could see a troll (ally target), 7 friendly yaks, a friendly orc warrior
(summoned) and 2 friendly orcs.

Vanquished Creatures
  A cyclops (D:11)
  Joseph (D:8)
  Maggie (D:8)
  A troll (D:11)
  A hornet (D:6)
  A wyvern (D:8)
  A wraith (D:11)
  4 yaks (D:9)
  A vampire (D:9)
  Edmund (D:6)
  An acid dragon (D:11)
  4 water moccasins
  3 orc warriors
  2 sky beasts
  4 black bears
  2 ice beasts
  8 centaurs
  2 ogres (D:5)
  3 wolves (D:8)
  A kobold brigand (D:7)
  3 bullfrogs
  3 gnoll sergeants
  4 scorpions
  4 killer bees (D:6)
  A howler monkey (D:7)
  A jelly (D:7)
  A gnoll bouda (D:7)
  6 orc priests
  5 hounds
  An iguana (D:4)
  A sleepcap (D:6)
  Jessica (D:3)
  Natasha (thrice) (D:3)
  Terence (D:3)
  3 orc wizards
  Robin (D:3)
  19 gnolls
  9 adders
  A shadow imp (D:7)
  2 white imps
  An ufetubus (D:5)
  A worm (D:2)
  2 dart slugs
  24 orcs
  6 bats
  3 endoplasms
  10 goblins
  9 hobgoblins
  3 jackals (D:3)
  2 quokkas
  5 ball pythons
  2 frilled lizards
  8 kobolds
  6 rats
195 creatures vanquished.

Vanquished Creatures (collateral kills)
  A wraith (D:9)
  2 yaks (D:9)
  Grum (D:8)
  An ogre (D:6)
  A jelly (D:6)
  2 gnolls (D:9)
  A worm (D:2)
  An orc (D:9)
  An endoplasm (D:2)
  2 goblins
  2 rats (D:2)
15 creatures vanquished.

Vanquished Creatures (others)
  2 yak zombies (D:9)
  3 centaur zombies (D:11)
  A gnoll zombie (D:8)
6 creatures vanquished.

Grand Total: 216 creatures vanquished

Notes
Turn   | Place    | Note
-------+----------+-------------------------------------------
     0 | D:1      | Graphine the Human Necromancer began the quest for the Orb.
     0 | D:1      | Reached XP level 1. HP: 13/13 MP: 3/3
   229 | D:1      | Reached XP level 2. HP: 19/20 MP: 3/5
   323 | D:1      | Reached skill level 1 in Maces & Flails
   868 | D:2      | Reached skill level 1 in Fighting
   868 | D:2      | Reached skill level 1 in Armour
   868 | D:2      | Reached XP level 3. HP: 16/26 MP: 1/6
   939 | D:2      | Reached XP level 4. HP: 12/32 MP: 0/7
  1421 | D:2      | Found Hihap's Antique Weapon Shoppe.
  1455 | D:2      | Reached XP level 5. HP: 27/37 MP: 8/8
  1738 | D:2      | Found a faded altar of an unknown god.
  2082 | D:3      | Noticed Natasha
  2097 | D:3      | Killed Natasha
  2113 | D:3      | Noticed Natasha
  2157 | D:3      | Reached XP level 6. HP: 18/44 MP: 2/9
  2185 | D:3      | Killed Natasha
  2326 | D:3      | Noticed Jessica
  2334 | D:3      | Killed Jessica
  2390 | D:3      | Noticed Natasha
  2404 | D:3      | Killed Natasha
  2489 | D:3      | Noticed Robin
  2519 | D:3      | Killed Robin
  2536 | D:3      | Noticed Terence
  2551 | D:3      | Killed Terence
  2738 | D:3      | Reached XP level 7. HP: 49/51 MP: 10/10
  3300 | D:4      | Reached skill level 1 in Short Blades
  3503 | D:4      | Found Ileono's Distillery.
  3908 | D:5      | Entered Level 5 of the Dungeon
  3954 | D:5      | Found a shimmering altar of Xom.
  3956 | D:5      | Reached skill level 2 in Short Blades
  4116 | D:5      | Found an ancient bone altar of Kikubaaqudgha.
  4120 | D:5      | Found a hazy altar of Hepliaklqana.
  4120 | D:5      | Found a stormy altar of Qazlal.
  4120 | D:5      | Found a glowing golden altar of the Shining One.
  4121 | D:5      | Found a bloodstained altar of Trog.
  4132 | D:5      | Reached XP level 8. HP: 47/58 MP: 11/11
  4137 | D:5      | Became a worshipper of Kikubaaqudgha
  4183 | D:5      | Reached skill level 3 in Short Blades
  4702 | D:5      | Found a shadowy altar of Dithmenos.
  4843 | D:5      | Reached skill level 4 in Short Blades
  5390 | D:5      | Reached skill level 5 in Dodging
  5746 | D:6      | Reached XP level 9. HP: 66/66 MP: 12/12
  5756 | D:6      | Reached skill level 5 in Short Blades
  5776 | D:6      | Noticed a hornet
  5803 | D:6      | Killed a hornet
  5816 | D:6      | Reached skill level 5 in Fighting
  5816 | D:6      | Reached skill level 5 in Armour
  5869 | D:6      | Reached * piety under Kikubaaqudgha
  5869 | D:6      | Received a gift from Kikubaaqudgha
  5885 | D:6      | Learned a level 3 spell: Vampiric Draining
  5890 | D:6      | Learned a level 4 spell: Animate Dead
  5913 | D:6      | Reached skill level 6 in Short Blades
  5952 | D:6      | Noticed Edmund
  5980 | D:6      | Killed Edmund
  6327 | D:6      | Found an opulent altar of Gozag.
  6411 | D:6      | Found a staircase to the Ecumenical Temple.
  7069 | D:7      | Reached XP level 10. HP: 74/74 MP: 13/13
  7190 | D:7      | Reached skill level 7 in Short Blades
  8319 | D:8      | Noticed Joseph
  8702 | D:8      | Killed Joseph
  8824 | D:8      | Reached skill level 8 in Short Blades
  8998 | D:8      | Reached ** piety under Kikubaaqudgha
  9212 | D:8      | Noticed Maggie
  9268 | D:8      | Killed Maggie
  9654 | D:8      | Found Xapt's Armour Shoppe.
  9679 | D:8      | Noticed Grum
 10009 | D:8      | Reached skill level 5 in Maces & Flails
 10219 | D:8      | Found Sorolu's Changing Room.
 10336 | D:8      | Found a white marble altar of Elyvilon.
 10336 | D:8      | Found a snail-covered altar of Cheibriados.
 10344 | D:8      | Found a radiant altar of Vehumet.
 10346 | D:8      | Found a shimmering blue altar of Sif Muna.
 10348 | D:8      | Found a faded altar of an unknown god.
 10551 | D:8      | Killed Grum
 10755 | D:9      | Reached XP level 11. HP: 46/84 MP: 2/14
 10772 | D:9      | Reached skill level 5 in Necromancy
 10869 | D:9      | Learned a level 5 spell: Agony
 11630 | D:9      | You fall into a shaft and drop 3 floors!
 11647 | D:11     | Noticed a cyclops
 11664 | D:11     | Killed a cyclops
 11986 | D:11     | HP: 1/84 [troll (11)]
 11993 | D:11     | Slain by a troll

Illustrated notes

Levels and vault maps discovered:
D:1:      amcnicky_arrival_flooded_fountain, layout_basic
D:2:      cheibrodos_pilgrimage, layout_basic,
          hellmonk_ecumenical_altar_inner_sanctum, serial_shops, shop
D:3:      layout_loops_ring, minmay_goblin_kobold_house, uniq_jessica,
          uniq_robin, uniq_terence, uniq_natasha
D:4:      layout_loops_ring, serial_shops, shop_fountains
D:5:      layout_basic, mainiacjoe_overflow_concentric_impassable, minitemple,
          grunt_decor_resistance
D:6:      layout_loops_ring, nicolae_gozag_cash_rules_everything_around_me,
          minmay_temple_entry_crystal_x, uniq_edmund
D:7:      layout_basic, st_stairs_12
D:8:      layout_cave_pods, chequers_temple_overflow_minitemple, serial_shops,
          nicolae_shop_behind_doors, nicolae_transmutations_shop, uniq_joseph,
          uniq_grum, uniq_maggie
D:9:      layout_basic, serial_curves, eino_curves_02, eino_curves_04,
          uniq_harold
D:11:     minmay_skewed_foursquare, layout_basic
D:12:     layout_irregular_city, orc_0_dummy, gammafunk_ghost_spectres,
          uniq_frances

Skill      XL: |  1  2  3  4  5  6  7  8  9 10 11 |
---------------+----------------------------------+-----
Maces & Flails | 1 2 3 4 5 |  5.0
Fighting       | 1 2 3 4 5 7 |  7.0
Armour         | 1 2 3 4 5 7 |  7.0
Dodging        | 3 4 5 6 7 |  7.0
Short Blades   | 2 4 6 8 |  8.0
Necromancy     | 7 |  7.2
Spellcasting   | 4 |  4.2
Stealth        | |  2.0

Action                     |  1- 3 |  4- 6 |  7- 9 | 10-12 || total
---------------------------+-------+-------+-------+-------++-------
  Melee: Whip              |     9 |       |       |       ||     9
         Unarmed           |     4 |       |       |       ||     4
         Dagger            |    35 |   179 |   384 |   515 ||  1113
         Punch             |       |     1 |     8 |    10 ||    19
         Long sword        |       |       |       |    41 ||    41
   Cast: Necrotise         |    33 |    72 |    62 |    25 ||   192
         Animate Dead      |       |       |     1 |     5 ||     6
         Vampiric Draining |       |       |       |     2 ||     2
  Evoke: Wand              |       |       |     1 |    16 ||    17
    Use: Scroll            |     2 |     3 |    15 |    15 ||    35
         Potion            |       |     1 |     1 |     6 ||     8
   Stab: Sleeping          |     2 |       |     6 |       ||     8
         Distracted        |       |     2 |       |       ||     2
 Armour: Leather armour    |    14 |    43 |   128 |    40 ||   225
         Acid dragon scale |       |       |       |   130 ||   130
  Dodge: Dodged            |    26 |   103 |   253 |   334 ||   716
